Map: Dash and Terminal LE (Void)

Players

BravO

  • Race: Terran Terran
  • League: Master

호로록 (DRG) - Winner!

  • Race: Zerg Zerg
  • League: Grandmaster

Event: Team Gravity's Fight Night #36

VOD

https://youtu.be/mDOyxl6cnkg?t=42m54s

Description

Time

  • Played on: Oct. 25, 2015, 8:58 p.m.
  • Length: 11:57

All games in this series

Show
View Real Time Build Order
Export as new Build Order

BravO Terran 

Build Orders: Liberator Opening, Reaper Expand, MMM Bio 

Get SALT Encoding   

  12  0:00  SCV  
  13  0:13  SCV  
  14  0:17  Supply Depot  
  14  0:25  SCV  
  15  0:39  SCV  
  15  0:40  Barracks  
  16  0:44  Refinery  
  16  0:51  SCV  
  17  1:03  SCV  
  18  1:15  SCV  
  19  1:27  Reaper, Orbital Command  
  20  1:41  Command Center  
  20  1:49  Supply Depot  
  20  1:53  SCV  
  22  2:05  SCV  
  22  2:06  Factory, Marine  
  23  2:15  Refinery  
  23  2:19  SCV  
  24  2:25  Barracks Reactor  
  24  2:31  SCV  
  25  2:43  SCV  
  26  2:47  Command Center  
  26  2:54  Starport  
  26  2:59  SCV  
  27  3:06  Orbital Command  
  27  3:11  Hellion  
  29  3:13  Liberator  
  29  3:16  Hellion  
  31  3:20  SCV  
  31  3:23  Barracks Tech Lab  
  32  3:33  SCV  
  36  3:35  SCV  
  37  3:42  Stimpack  
  37  3:44  Marine  
  37  3:46  SCV  
  37  3:48  SCV  
  40  3:56  Liberator  
  40  3:58  SCV  
  40  4:00  SCV  
  40  4:01  Marine, Orbital Command  
  43  4:11  SCV  
  43  4:12  SCV  
  43  4:15  Barracks  
  48  4:19  Barracks  
  48  4:20  Factory Reactor  
  47  4:25  Marine  
  47  4:26  SCV x2  
  47  4:27  SCV  
  51  4:33  Refinery  
  51  4:35  Refinery  
  50  4:39  Liberator  
  50  4:43  SCV x2  
  50  4:45  SCV  
  56  5:02  Marauder  
  56  5:03  Marine  
  56  5:04  Widow Mine x2  
  52  5:21  Marine  
  52  5:24  Marauder, Marine x2  
  33  5:50  SCV x2  
  28  5:57  SCV  
  28  6:02  SCV x2  
  28  6:07  Marine x4  
  28  6:09  SCV  
  33  6:14  SCV x2  
  35  6:21  SCV  
  35  6:24  Combat Shields  
  36  6:27  SCV  
  36  6:28  SCV  
  38  6:33  SCV  
  38  6:36  Medivac  
  41  6:42  SCV x2  
  44  6:49  Marine x2  
  44  6:50  Orbital Command, Marine  
  44  6:53  Liberator  
  46  6:55  Marine  
  46  6:56  SCV x2  
  50  7:08  SCV x2  
  50  7:11  Marine x3  
  57  7:18  SCV  
  57  7:20  SCV x2  
  59  7:32  Engineering Bay  
  59  7:36  Supply Depot  
  59  7:37  Supply Depot  
  59  7:39  SCV x2  
  61  7:46  Barracks Tech Lab  
  61  7:47  Concussive Shells  
  61  7:57  SCV x2, Marauder  
  66  8:01  Terran Infantry Weapons Level 1  
  65  8:06  SCV  
  65  8:08  Marauder, Marine x2  
  65  8:10  Supply Depot  
  70  8:13  SCV x2  
  70  8:18  SCV  
  70  8:19  Marauder  
  75  8:28  Barracks  
  75  8:29  Barracks  
  75  8:32  Medivac x2  
  75  8:33  SCV x2  
  81  8:37  Supply Depot  
  79  8:41  SCV  
  80  8:49  Marine, Marauder x2  
  85  8:58  SCV x2, Marine  
  85  8:59  Supply Depot x2  
  85  9:00  SCV  
  89  9:07  Marine  
  89  9:08  Medivac  
  92  9:14  Missile Turret, Marauder  
  92  9:16  Marine  
  93  9:20  Medivac  
  93  9:21  Barracks Tech Lab, Marauder  
  93  9:22  Barracks Reactor  
  97  9:24  Supply Depot  
  97  9:25  Supply Depot  
  97  9:27  SCV x2  
  99  9:36  Marauder  
  93  9:42  SCV x2, Marauder  
  93  9:44  Marauder  
  93  9:45  Widow Mine  
  95  9:47  SCV  
  96  9:54  SCV x2  
  96  9:57  Marauder, Marine x2  
  96  9:59  SCV  
  103  10:00  Liberator x2  
  103  10:03  Marauder, Marine x2  
  107  10:12  Marauder  
  115  10:22  Marauder  
  115  10:25  Supply Depot  
  117  10:30  Supply Depot, Marauder  
  117  10:35  Widow Mine  
  119  10:37  Marauder  
  122  10:48  Marauder  
  122  10:52  Marauder  
  109  10:57  Marine x4  
  109  10:59  Marauder  
  109  11:04  Widow Mine  
  109  11:10  Marauder  
  108  11:13  Marauder, Medivac x2  
  114  11:29  Marauder  
  114  11:31  Marauder  
  115  11:34  Marauder  
Show
View Real Time Build Order
Export as new Build Order

호로록 Zerg - Winner!

Build Orders: Hatch First, Roach Nydus 

Get SALT Encoding   

  12  0:01  Drone  
  13  0:12  Overlord  
  13  0:17  Drone  
  14  0:31  Drone  
  14  0:32  Drone  
  14  0:35  Drone  
  17  0:45  Drone  
  18  0:55  Hatchery  
  17  0:58  Drone  
  17  1:01  Extractor  
  17  1:12  Spawning Pool  
  17  1:14  Drone  
  17  1:18  Drone  
  18  1:28  Drone  
  19  1:39  Overlord  
  19  1:59  Queen  
  19  2:00  Zergling x2  
  19  2:01  Zergling x2  
  23  2:03  Metabolic Boost  
  23  2:08  Queen  
  25  2:09  Zergling x2  
  25  2:14  Drone  
  27  2:18  Drone  
  28  2:25  Drone  
  28  2:29  Drone  
  30  2:35  Queen  
  30  2:37  Overlord  
  32  2:41  Drone  
  33  2:48  Drone  
  34  2:53  Drone  
  34  2:55  Drone  
  36  3:02  Lair, Drone  
  37  3:08  Drone  
  37  3:09  Drone  
  37  3:10  Drone x2  
  41  3:13  Drone  
  41  3:15  Overlord  
  41  3:17  Drone  
  41  3:19  Drone  
  44  3:28  Roach Warren  
  44  3:31  Drone  
  44  3:33  Overlord  
  44  3:35  Drone x2  
  44  3:38  Extractor x2  
  44  3:47  Drone x2  
  47  3:48  Drone  
  47  3:49  Overlord  
  47  3:52  Drone x3  
  50  3:59  Overseer  
  50  4:04  Queen  
  50  4:05  Queen  
  54  4:11  Nydus Network  
  54  4:13  Overlord  
  53  4:22  Roach x3  
  59  4:25  Roach x2  
  59  4:29  Roach  
  65  4:31  Roach  
  65  4:34  Overlord  
  67  4:38  Overlord  
  67  4:41  Roach  
  68  4:50  Nydus Canal  
  66  4:54  Queen  
  66  4:59  Overlord  
  67  5:01  Roach x3  
  67  5:16  Roach x2  
  69  5:24  Nydus Canal  
  69  5:27  Roach  
  69  5:38  Roach  
  69  5:39  Roach  
  67  5:51  Drone x2  
  67  5:52  Drone, Queen  
  64  5:57  Extractor  
  64  6:02  Queen  
  64  6:03  Drone x5  
  64  6:04  Drone x2  
  60  6:05  Drone  
  60  6:07  Glial Reconstitution  
  60  6:08  Hatchery  
  60  6:09  Overlord  
  60  6:14  Evolution Chamber  
  60  6:15  Evolution Chamber  
  60  6:16  Drone  
  59  6:22  Overlord  
  59  6:23  Drone  
  60  6:28  Drone x2  
  60  6:32  Spore Crawler  
  61  6:34  Roach x2  
  61  6:37  Queen  
  67  6:40  Zerg Missile Weapons Level 1  
  67  6:42  Zerg Ground Armor Level 1  
  67  6:47  Roach  
  67  6:52  Roach x3  
  75  7:02  Overlord  
  75  7:05  Drone x2  
  75  7:06  Drone x3  
  75  7:07  Drone  
  81  7:13  Hydralisk Den  
  80  7:16  Overlord  
  80  7:21  Roach x2  
  84  7:28  Roach x4  
  91  7:32  Ravager  
  91  7:35  Roach  
  91  7:36  Roach x3  
  99  7:37  Roach  
  99  7:43  Overlord  
  101  7:47  Drone  
  101  7:48  Drone  
  103  7:52  Drone x3  
  103  7:54  Extractor x2  
  103  7:55  Muscular Augments  
  104  8:02  Overlord  
  104  8:06  Drone x3  
  104  8:08  Drone x4  
  104  8:09  Drone x2  
  104  8:10  Drone  
  104  8:11  Drone  
  115  8:18  Hydralisk x2  
  119  8:24  Overlord  
  119  8:26  Hydralisk  
  121  8:31  Hydralisk x2  
  125  8:35  Zerg Missile Weapons Level 2  
  125  8:38  Zerg Ground Armor Level 2  
  125  8:42  Hydralisk x2  
  129  8:55  Hydralisk x2  
  133  8:57  Hatchery  
  133  9:00  Hydralisk x2  
  136  9:05  Overseer  
  136  9:06  Overlord  
  136  9:14  Nydus Canal  
  136  9:16  Hydralisk x2  
  136  9:17  Hydralisk x3  
  132  9:21  Roach x2  
  132  9:23  Overlord  
  146  9:25  Overlord  
  136  9:43  Roach x3  
  134  9:48  Hydralisk x3, Infestation Pit  
  134  9:49  Queen  
  134  9:52  Overlord  
  141  9:59  Hydralisk x5  
  141  10:00  Hydralisk  
  141  10:07  Roach x3  
  159  10:12  Roach x3  
  165  10:18  Lurker Den  
  165  10:27  Roach  
  165  10:28  Roach x5  
  177  10:30  Overseer  
  177  10:31  Overseer  
  177  10:40  Roach  
  177  10:41  Roach x3  
  167  10:57  Roach  
  167  10:58  Roach x9  
  177  11:19  Ravager x5  
  177  11:20  Ravager  
  183  11:26  Overlord x2  

Tags
 
Add a new tag
Caveats
  • Supply blocks, unpowered buildings, or Contaminate may cause inaccurate times.
  • Supply counts are checked every 10 seconds.